Map: Neon Violet Square LE

Players

GAMETIME

  • Race: Zerg Zerg
  • League: Master
  • Spawn Location: 5:00

puCK (Nina) - Winner!

  • Race: Protoss Protoss
  • League: Master
  • Spawn Location: 11:00

VOD

Have the link to the VOD?

Description

Time

  • Played on: Nov. 14, 2017, 9:30 p.m.
  • Length: 11:54
Show
View Real Time Build Order
Export as new Build Order

GAMETIME Zerg 

Build Orders: Hatch First, Lurkers 

Get SALT Encoding   

  12  0:01  Drone  
  13  0:09  Drone  
  14  0:17  Overlord  
  14  0:20  Extractor  
  13  0:24  Drone  
  15  0:35  Drone  
  15  0:36  Drone  
  17  0:53  Hatchery  
  17  0:56  Drone  
  17  1:02  Drone  
  18  1:12  Extractor  
  18  1:17  Spawning Pool, Drone  
  17  1:20  Drone  
  18  1:27  Drone  
  19  1:38  Drone  
  20  1:49  Hatchery  
  20  1:53  Drone  
  20  2:04  Queen  
  20  2:06  Drone  
  23  2:10  Drone  
  24  2:17  Metabolic Boost  
  24  2:22  Overlord  
  24  2:26  Drone  
  25  2:30  Drone x2  
  25  2:33  Drone  
  28  2:40  Drone  
  28  2:42  Queen  
  31  2:48  Queen  
  33  2:52  Zergling x2  
  33  2:54  Zergling x2  
  33  2:56  Zergling x2  
  36  2:59  Overlord  
  36  3:06  Zergling x4  
  36  3:10  Overlord  
  38  3:14  Drone x2  
  38  3:15  Drone  
  38  3:16  Drone  
  42  3:22  Drone x2  
  42  3:26  Drone  
  45  3:28  Drone  
  46  3:35  Overlord  
  46  3:36  Drone  
  46  3:40  Drone  
  48  3:46  Overlord  
  48  3:47  Lair  
  48  3:49  Drone  
  49  3:56  Drone x3  
  49  3:58  Drone x3  
  49  4:01  Drone  
  49  4:02  Extractor, Drone x2  
  57  4:04  Extractor  
  56  4:10  Overlord  
  56  4:11  Drone x2  
  56  4:16  Drone x2  
  58  4:21  Drone  
  59  4:28  Drone x2  
  61  4:31  Drone x4  
  61  4:33  Extractor, Drone  
  61  4:35  Hatchery  
  61  4:38  Drone x3  
  67  4:39  Drone  
  67  4:45  Drone x3  
  71  4:50  Hydralisk Den  
  70  4:53  Overlord  
  70  4:55  Overlord  
  70  4:56  Overlord  
  70  4:58  Extractor  
  68  5:01  Zergling x2  
  68  5:03  Zergling x2  
  68  5:04  Zergling x8  
  73  5:08  Zergling x4  
  73  5:09  Zergling x4  
  76  5:15  Zergling x6  
  79  5:25  Overlord x3  
  79  5:31  Hydralisk  
  79  5:32  Muscular Augments, Hydralisk  
  84  5:36  Hydralisk  
  84  5:37  Hatchery  
  84  5:39  Hydralisk x3  
  84  5:42  Hydralisk  
  91  5:45  Overlord  
  91  5:48  Hydralisk  
  91  5:49  Hydralisk  
  95  5:52  Hydralisk  
  95  5:56  Hydralisk  
  101  5:59  Hydralisk  
  101  6:00  Hydralisk  
  101  6:03  Hydralisk  
  107  6:06  Hydralisk  
  107  6:09  Hydralisk  
  107  6:10  Hydralisk  
  113  6:12  Hydralisk  
  113  6:16  Overlord  
  113  6:17  Hydralisk  
  117  6:20  Hydralisk  
  117  6:22  Hydralisk  
  121  6:26  Hydralisk  
  121  6:27  Overlord  
  123  6:34  Hydralisk  
  123  6:35  Hydralisk x2  
  123  6:37  Hydralisk  
  131  6:40  Hydralisk  
  131  6:43  Hydralisk  
  134  6:47  Hydralisk  
  134  6:48  Hydralisk  
  134  6:53  Evolution Chamber, Drone  
  138  6:56  Hydralisk x2  
  138  7:00  Hydralisk  
  144  7:07  Hydralisk x2  
  144  7:08  Hydralisk  
  150  7:16  Zergling x2  
  150  7:18  Overlord x3  
  149  7:24  Hydralisk  
  149  7:25  Hydralisk  
  151  7:31  Lurker Den  
  151  7:32  Zerg Missile Weapons Level 1, Extractor  
  151  7:33  Zergling x2  
  151  7:34  Zergling x2  
  151  7:35  Overlord  
  151  7:36  Overlord  
  146  7:53  Zergling x2  
  146  7:54  Zergling x30  
  159  8:04  Hydralisk  
  149  8:09  Hydralisk x2  
  106  8:22  Drone x4  
  106  8:23  Drone  
  106  8:24  Drone x3  
  102  8:29  Extractor, Hydralisk  
  102  8:30  Extractor  
  102  8:33  Drone x2  
  104  8:35  Drone  
  104  8:38  Drone  
  106  8:43  Drone  
  106  8:44  Hydralisk  
  106  8:47  Hydralisk  
  111  8:49  Hydralisk  
  113  8:58  Hydralisk  
  113  8:59  Hydralisk x5  
  113  9:01  Lurker  
  113  9:02  Lurker x4  
  130  9:03  Lurker  
  130  9:04  Lurker  
  130  9:09  Hatchery  
  131  9:11  Drone  
  131  9:12  Queen, Drone  
  131  9:13  Drone x2  
  131  9:16  Lurker x2  
  139  9:18  Lurker  
  139  9:20  Overlord  
  139  9:22  Hydralisk  
  139  9:24  Drone  
  143  9:26  Hydralisk  
  143  9:31  Hydralisk x2  
  145  9:32  Hydralisk  
  145  9:36  Hydralisk x2  
  155  9:38  Lurker  
  155  9:42  Hydralisk x2  
  160  9:46  Hydralisk  
  160  9:47  Hydralisk  
  164  9:53  Hydralisk x2  
  164  9:54  Hydralisk  
  164  9:56  Hydralisk  
  164  9:59  Hydralisk  
  173  10:01  Hydralisk  
  173  10:03  Hydralisk  
  175  10:07  Hydralisk  
  175  10:08  Hydralisk  
  175  10:14  Hydralisk x2  
  174  10:16  Hydralisk  
  170  10:21  Hydralisk  
  170  10:22  Hydralisk  
  170  10:23  Hydralisk  
  174  10:30  Hydralisk  
  174  10:31  Hydralisk x2  
  174  10:35  Hydralisk  
  180  10:38  Zergling x8  
  180  10:41  Hydralisk  
  182  10:51  Hydralisk x4  
  182  10:56  Lurker  
  189  11:01  Zergling x2  
  189  11:02  Zergling x10  
  191  11:08  Zergling x2  
  188  11:17  Hydralisk x2  
  161  11:20  Hydralisk  
  161  11:21  Hydralisk x3  
  161  11:24  Hydralisk x2  
  128  11:40  Lurker x2  
Show
View Real Time Build Order
Export as new Build Order

puCK Protoss - Winner!

Build Orders: 1 Gate Expand 

Get SALT Encoding   

  12  0:00  Probe  
  13  0:12  Probe  
  14  0:22  Pylon  
  14  0:24  Probe  
  15  0:40  Probe (Chrono Boost)  
  15  0:41  Gateway  
  17  0:52  Probe (Chrono Boost)  
  17  0:53  Assimilator  
  17  0:55  Probe  
  18  1:08  Probe  
  19  1:20  Probe  
  20  1:30  Nexus  
  20  1:40  Cybernetics Core  
  20  1:42  Probe  
  21  1:50  Assimilator  
  21  1:54  Probe  
  22  2:01  Pylon  
  22  2:06  Probe (Chrono Boost)  
  23  2:16  Gateway  
  23  2:20  Warp Gate (Chrono Boost)  
  24  2:24  Probe (Chrono Boost)  
  24  2:25  Adept  
  24  2:28  Probe (Chrono Boost)  
  28  2:40  Probe (Chrono Boost)  
  28  2:42  Probe  
  28  2:43  Probe  
  30  2:50  Gateway  
  30  2:55  Sentry  
  30  2:57  Probe (Chrono Boost)  
  34  3:03  Probe (Chrono Boost)  
  34  3:04  Sentry  
  37  3:08  Probe x2 (Chrono Boost)  
  37  3:11  Probe  
  39  3:19  Probe  
  40  3:22  Sentry  
  40  3:23  Probe  
  43  3:31  Probe, Pylon  
  44  3:34  Pylon  
  44  3:41  Sentry  
  46  3:46  Nexus  
  46  3:49  Probe x2  
  47  4:01  Probe x2  
  49  4:05  Pylon  
  49  4:13  Probe x2  
  51  4:18  Nexus  
  51  4:19  Sentry x2  
  55  4:25  Probe x2, Sentry, Pylon  
  55  4:29  Pylon  
  55  4:31  Shield Battery  
  59  4:35  Assimilator  
  59  4:37  Probe x2  
  61  4:39  Assimilator  
  61  4:41  Shield Battery  
  61  4:45  Forge  
  61  4:49  Probe x2  
  63  4:54  Robotics Facility  
  63  4:59  Phoenix  
  63  5:01  Probe  
  64  5:12  Probe  
  65  5:14  Probe  
  65  5:17  Phoenix  
  66  5:22  Gateway  
  66  5:23  Protoss Ground Weapons Level 1 (Chrono Boost)  
  66  5:24  Probe  
  66  5:26  Probe  
  68  5:33  Probe  
  68  5:35  Pylon  
  69  5:36  Probe  
  69  5:37  Assimilator, Twilight Council  
  69  5:38  Probe  
  69  5:41  Assimilator  
  71  5:44  Stalker x3  
  71  5:45  Probe  
  71  5:46  Observer (Chrono Boost)  
  71  5:48  Probe  
  71  5:49  Gateway  
  80  5:50  Shield Battery  
  80  5:51  Probe  
  80  5:54  Gateway  
  81  5:57  Probe  
  81  6:00  Probe  
  81  6:03  Probe  
  84  6:09  Shield Battery, Probe  
  84  6:10  Shield Battery  
  84  6:11  Blink, Robotics Bay  
  85  6:15  Immortal (Chrono Boost)  
  89  6:24  Shield Battery  
  89  6:26  Photon Cannon  
  89  6:28  Probe x3  
  92  6:37  Phoenix  
  92  6:38  Robotics Facility, Pylon  
  92  6:40  Probe x2  
  92  6:43  Shield Battery  
  92  6:44  Stalker  
  96  6:49  Probe  
  96  6:52  Stalker x2  
  96  6:53  Stalker  
  103  6:59  Protoss Ground Weapons Level 2 (Chrono Boost)  
  109  7:11  Photon Cannon  
  109  7:14  Colossus (Chrono Boost)  
  109  7:15  Extended Thermal Lance, Pylon  
  109  7:25  Colossus (Chrono Boost)  
  115  7:30  Nexus  
  115  7:34  Pylon  
  115  7:41  Stalker x2  
  115  7:42  Stalker x2  
  123  7:51  Colossus  
  123  7:57  Gateway  
  129  8:03  Gateway  
  125  8:05  Colossus  
  125  8:09  Stalker x2  
  119  8:21  Stalker  
  119  8:22  Stalker x2  
  119  8:25  Probe x2  
  127  8:29  Pylon  
  127  8:34  Sentry  
  127  8:36  Assimilator  
  127  8:39  Gateway  
  127  8:40  Assimilator  
  129  8:42  Gateway  
  129  8:45  Sentry x3, Colossus (Chrono Boost)  
  141  8:52  Pylon  
  141  8:53  Shield Battery  
  141  8:54  Shield Battery  
  141  8:58  Stalker  
  141  8:59  Photon Cannon  
  141  9:02  Observer (Chrono Boost)  
  144  9:07  Templar Archives  
  144  9:10  Probe x2  
  144  9:13  Protoss Ground Weapons Level 3 (Chrono Boost)  
  144  9:15  Warp Prism (Chrono Boost)  
  148  9:26  Stalker x4  
  148  9:31  Warp Prism (Chrono Boost)  
  158  9:32  Charge  
  158  9:50  Robotics Facility  
  158  9:53  Nexus  
  158  9:55  Observer (Chrono Boost)  
  158  9:57  Zealot  
  158  9:58  Zealot  
  163  10:04  Pylon  
  163  10:05  Pylon  
  163  10:06  Pylon  
  163  10:26  Nexus  
  163  10:30  Photon Cannon, Pylon  
  163  10:31  Pylon  
  163  10:32  Photon Cannon, Colossus  
  163  10:33  Shield Battery, Pylon  
  163  10:35  Pylon  
  169  10:41  Zealot x5  
  179  10:47  Pylon  
  175  10:52  Nexus  
  175  10:53  Zealot x2, Shield Battery  
  179  11:02  Shield Battery  
  179  11:04  Shield Battery  
  179  11:06  Photon Cannon  
  179  11:07  Shield Battery  
  151  11:21  Zealot x2  
  151  11:22  Zealot x5  
Tags
 
Add a new tag
Caveats
  • Supply blocks, unpowered buildings, or Contaminate may cause inaccurate times.
  • Supply counts are checked every 10 seconds.